 Dungeon Crawl Stone Soup version 0.28.0-45-g0d030f2227 (webtiles) character file.

Game seed: 12960246502871148215

41 jimonade the Stinger (level 3, 0/25 HPs)
             Began as a Gnoll Venom Mage on Apr 9, 2022.
             Slain by a worm (7 damage)
             ... on level 2 of the Dungeon.
             The game lasted 00:05:14 (1492 turns).

jimonade the Stinger (Gnoll Venom Mage)             Turns: 1492, Time: 00:05:15

Health: 0/25       AC:  3    Str:  9    XL:     3   Next: 52%
Magic:  9/9        EV: 10    Int: 14    God:
Gold:   24         SH:  7    Dex: 12    Spells: 11/12 levels left

rFire   . . .      SeeInvis .   c - +0 dagger
rCold   . . .      Faith    .   g - +0 kite shield
rNeg    . . .      Spirit   .   e - +0 leather armour {Will+}
rPois   .          Reflect  .   (no helmet)
rElec   .          Harm     .   (no cloak)
rCorr   .          Rampage  .   (no gloves)
Will    +....                   (no boots)
Stlth   ++........              (no amulet)
HPRegen 0.08/turn               (no ring)
MPRegen 0.11/turn               (no ring)

@: no status effects
A: fangs 1, strong nose, distributed training
a: no special abilities


You were on level 2 of the Dungeon.
You visited 1 branch of the dungeon, and saw 2 of its levels.

You collected 24 gold pieces.

Inventory:

Hand Weapons
 c - a +0 dagger (weapon)
Missiles
 b - 24 arrows
 d - 17 stones
Armour
 a - a +0 robe
 e - a +0 leather armour of willpower (worn)
 g - a +0 kite shield (worn)
Scrolls
 f - a scroll of amnesia {unknown}


   Skills:
 + Level 0.8 Fighting
 + Level 0.8 Short Blades
 + Level 0.8 Long Blades
 + Level 0.8 Axes
 + Level 0.8 Maces & Flails
 + Level 0.8 Polearms
 + Level 0.8 Staves
 + Level 0.8 Slings
 + Level 0.8 Bows
 + Level 0.8 Crossbows
 + Level 0.8 Throwing
 + Level 0.8 Armour
 + Level 4.5 Dodging
 + Level 4.1 Stealth
 + Level 0.8 Shields
 + Level 0.8 Unarmed Combat
 + Level 5.0 Spellcasting
 + Level 0.5 Conjurations
 + Level 0.5 Hexes
 + Level 0.5 Summonings
 + Level 0.5 Necromancy
 + Level 0.5 Translocations
 + Level 2.1 Transmutations
 + Level 0.5 Fire Magic
 + Level 0.5 Ice Magic
 + Level 0.5 Air Magic
 + Level 0.5 Earth Magic
 + Level 5.4 Poison Magic
 + Level 1.0 Invocations
 + Level 0.8 Evocations


You had 11 spell levels left.
You knew the following spells:

 Your Spells              Type           Power      Damage    Failure   Level
a - Sting                 Tmut/Pois      56%        1d5       19%         1

Your spell library contained the following spells:

 Spells                   Type           Power      Damage    Failure   Level
 Poisonous Vapours        Pois/Air       22%        N/A       36%         2
 Olgreb's Toxic Radiance  Pois           18%        N/A       65%         4
 Blink                    Tloc           10%        N/A       69%         2
 Mephitic Cloud           Conj/Pois/Air  9%         N/A       71%         3
 Manifold Assault         Tloc           5%         N/A       100%        5
 Storm Form               Tmut/Air       3%         N/A       100%        7


Dungeon Overview and Level Annotations

Branches:
Dungeon (2/15)

Altars:


Innate Abilities, Weirdness & Mutations

You have very sharp teeth.
Your uncanny sense of smell can sniff out nearby items.
Your experience applies equally to all skills.


Message History

You hit the worm.
The worm is lightly wounded.
The worm closely misses you.
You hit the worm but do no damage.
The worm is lightly wounded.
The worm barely misses you. The endoplasm freezes you.
You are frozen.
You hit the worm.
The worm is lightly wounded.
You block the endoplasm's attack. The worm bites you but does no damage.
You hit the worm. Your bite misses the worm.
The worm is lightly wounded.
The endoplasm hits you.
You hit the worm but do no damage.
The worm is lightly wounded.
The endoplasm hits you but does no damage.
The worm bites you!
You are too injured to fight recklessly!
You are too injured to fight recklessly!
You are too injured to fight recklessly!
You are too injured to fight recklessly!
You are too injured to fight recklessly!
Unknown command.
You hit the worm.
The worm is lightly wounded.
The endoplasm closely misses you. The worm barely misses you.
You barely miss the worm.
The worm is lightly wounded.
The endoplasm hits you.
You hit the worm.
The worm is lightly wounded.
The endoplasm freezes you.
You are frozen.
* * * LOW HITPOINT WARNING * * *
The worm barely misses you. The endoplasm closely misses you.
You hit the worm.
The worm is moderately wounded.
The worm bites you!
You die...

... ... ∆ #.#
#.# ##.#######
#........###
#...........
#.<.@w..#
#...J...#
...........#
........?###.#
#........# .#
#####....# .#
#....# .
#.....


You could see a worm and an endoplasm.

Vanquished Creatures
  5 endoplasms
  A giant cockroach (D:1)
  4 goblins (D:1)
  3 hobgoblins (D:1)
  5 jackals (D:1)
  A quokka (D:1)
  3 ball pythons (D:1)
  2 bats (D:1)
  2 frilled lizards (D:1)
  3 kobolds (D:1)
  6 rats (D:1)
35 creatures vanquished.

Notes
Turn   | Place    | Note
-------+----------+-------------------------------------------
     0 | D:1      | jimonade the Gnoll Venom Mage began the quest for the Orb.
     0 | D:1      | Reached XP level 1. HP: 13/13 MP: 6/6
   242 | D:1      | Reached XP level 2. HP: 19/19 MP: 5/7
   521 | D:1      | Reached XP level 3. HP: 25/25 MP: 7/9
   606 | D:1      | Reached skill level 5 in Spellcasting
   717 | D:1      | Found a faded altar of an unknown god.
  1120 | D:1      | Reached skill level 1 in Invocations
  1492 | D:2      | Slain by a worm

Illustrated notes

Levels and vault maps discovered:
D:1:      wander_arrival_abandoned_jail, layout_basic,
          ebering_ecumenical_altar_hall, minmay_ruptured
D:2:      layout_loops_cross, minivault_24, minmay_octomino_j4

Skill      XL: |  1  2  3 |
---------------+----------+-----
Transmutations | 2 |  2.1
Spellcasting   | 5 |  5.0
Invocations    | 1 |  1.0
Fighting       | |  0.8
Short Blades   | |  0.8
Long Blades    | |  0.8
Axes           | |  0.8
Maces & Flails | |  0.8
Polearms       | |  0.8
Staves         | |  0.8
Slings         | |  0.8
Bows           | |  0.8
Crossbows      | |  0.8
Throwing       | |  0.8
Armour         | |  0.8
Dodging        | |  4.5
Stealth        | |  4.1
Shields        | |  0.8
Unarmed Combat | |  0.8
Conjurations   | |  0.5
Hexes          | |  0.5
Summonings     | |  0.5
Necromancy     | |  0.5
Translocations | |  0.5
Fire Magic     | |  0.5
Ice Magic      | |  0.5
Air Magic      | |  0.5
Earth Magic    | |  0.5
Poison Magic   | |  5.4
Evocations     | |  0.8

Action                   || total
-------------------------++-------
Melee: Dagger            ||    30
 Cast: Sting             ||    50
 Stab: Sleeping          ||     2
Armor: Robe              ||     3
       Leather armour    ||    10
Dodge: Dodged            ||    35
Block: Kite shield       ||     2
